 Dungeon Crawl Stone Soup version 0.30-a0-711-gf4ac18a38d (webtiles) character file.

Game seed: 7006062992599417546

111 demibob the Slasher (level 4, -3/32 HPs)
             Began as a Demonspawn Wanderer on Jan 22, 2023.
             Slain by Terence
             ... wielding a +0 mace
              (10 damage)
             ... on level 3 of the Dungeon.
             The game lasted 00:03:08 (1528 turns).

demibob the Slasher (Demonspawn Wanderer)           Turns: 1528, Time: 00:03:08

Health: -3/32      AC:  3    Str: 10    XL:     4   Next: 62%
Magic:  5/5        EV: 11    Int: 15    God:
Gold:   100        SH:  0    Dex: 15    Spells: 4/5 levels left

rFire   + . .      SeeInvis .    a - +3 falchion
rCold   + . .      Faith    .    (no shield)
rNeg    . . .      Spirit   .    d - +0 robe
rPois   +          Reflect  .    (helmet restricted)
rElec   +          Harm     .    h - +0 cloak
rCorr   +          Rampage  .    (no gloves)
Will    .....                    (no boots)
Stlth   +                        (no amulet)
HPRegen 0.25/turn                (no ring)
MPRegen 0.09/turn                (no ring)

@: resistant, hasted, very quick
A: antennae 2, spiny 1
a: no special abilities


You were on level 3 of the Dungeon.
You visited 1 branch of the dungeon, and saw 3 of its levels.

You collected 100 gold pieces.


Innate Abilities, Weirdness & Mutations

You have a pair of antennae on your head.
You are partially covered in sharp spines.


   Skills:
 - Level 1.0 Fighting
 + Level 5.5 Long Blades
 - Level 1.0 Shields
 - Level 1.0 Spellcasting
 - Level 1.7 Transmutations
 - Level 1.0 Evocations


You had 4 spell levels left.
You knew the following spells:

 Your Spells              Type           Power      Damage    Failure   Level
b - Beastly Appendage     Tmut           12%        N/A       12%         1

Your spell library contained the following spells:

 Spells                   Type           Power      Damage    Failure   Level
 Ignite Poison            Fire/Tmut/Pois 2%         N/A       50%         3

Inventory:

Hand Weapons
 a - a +3 falchion (weapon)
Armour
 d - a +0 robe (worn)
 h - a +0 cloak (worn)
Jewellery
 F - a ring of fire
 R - a ring of resist corrosion
Scrolls
 i - a scroll of fog {unknown}
Potions
 b - a potion of resistance
 e - a potion of heal wounds {unknown}
 f - a potion of haste {@q3}
 g - a potion of ambrosia {unknown}
 j - a potion of might {unknown}

Dungeon Overview and Level Annotations

Branches:
Dungeon (2/15)

Altars:

Annotations:
D:3 Terence

....▒ #.#
.....▒ #.#
......▒▒###.#
.......▒.##.#
.......▒.##.#
.......▒....#
.......'.####
.......@†#
.......▒@#
.......▒.#
.......▒.#
......▒▒.#
.....▒ ..#
....▒ .## #.
.. ##


You could see Terence.


Message History

A frilled lizard is nearby!
You slash the frilled lizard!
You kill the frilled lizard!
No target in view!
You open the large door.
Terence the Incautious comes into view.
He is wielding a +0 mace.
Terence shouts!
There is a large open door here.
You see here a frilled lizard corpse.
You start waiting.
Terence is nearby!
Terence hits you with a +0 mace!
You hit Terence.
Terence is moderately wounded.
Terence hits you with a +0 mace.
You slash Terence!
Terence is severely wounded.
Terence hits you with a +0 mace.
* * * LOW HITPOINT WARNING * * *
You are too injured to fight recklessly!
You hit Terence.
Terence is almost dead.
Terence hits you with a +0 mace!
* * * LOW HITPOINT WARNING * * *
It was a potion of resistance.
You feel protected. Terence closely misses you.
It was a potion of haste.
You feel yourself speed up. Terence hits you with a +0 mace!
You die...

Skill      XL: |  1  2  3 |
---------------+----------+-----
Long Blades    | 4 5 |  5.5
Fighting       | |  1.0
Shields        | |  1.0
Spellcasting   | |  1.0
Transmutations | |  1.7
Evocations     | |  1.0

Action                     |  1- 3 |  4- 6 || total
---------------------------+-------+-------++-------
  Melee: Falchion          |   115 |    26 ||   141
         Punch             |     1 |       ||     1
    Use: Potion            |     1 |     3 ||     4
         Scroll            |     4 |       ||     4
   Stab: Sleeping          |     2 |       ||     2
 Armour: Robe              |    21 |     6 ||    27
  Dodge: Dodged            |    60 |    12 ||    72

Levels and vault maps discovered:
D:1:      erik_arrival_cave_to_civilisation [erik_arrival_cave_to_hall],
          layout_basic
D:2:      layout_basic
D:3:      kennysheep_big_flooded_room, layout_basic,
          cheibrodos_sewer_entry_bend, uniq_terence

Notes
Turn   | Place    | Note
-------+----------+-------------------------------------------
     0 | D:1      | demibob the Demonspawn Wanderer began the quest for the
                  | Orb.
     0 | D:1      | demibob set off with the following items: a +2 falchion, a
                  | +0 buckler, a potion of berserk rage {!q}, a +0 robe; and
                  | the following spell memorised: Beastly Appendage; and the
                  | following spells available to memorise: Ignite Poison.
     0 | D:1      | Reached XP level 1. HP: 15/15 MP: 2/2
    93 | D:1      | Reached skill level 4 in Long Blades
   101 | D:1      | Gained mutation: You have a pair of small antennae on your
                  | head. [demonic ancestry]
   101 | D:1      | Reached XP level 2. HP: 19/21 MP: 3/3
   378 | D:1      | Gained mutation: You are partially covered in sharp spines.
                  | [demonic ancestry]
   378 | D:1      | Reached XP level 3. HP: 26/26 MP: 4/4
  1087 | D:2      | Reached skill level 5 in Long Blades
  1200 | D:2      | You fall into a shaft and drop 1 floor!
  1279 | D:3      | Gained mutation: You have a pair of antennae on your head.
                  | [demonic ancestry]
  1279 | D:3      | Reached XP level 4. HP: 31/32 MP: 5/5
  1350 | D:3      | HP: 3/32 [orc priest/+0 flail (9)]
  1516 | D:3      | Noticed Terence
  1527 | D:3      | Identified 2 potions of resistance
  1528 | D:3      | Slain by Terence

Vanquished Creatures
  An orc priest (D:3)
  2 worms
  2 dart slugs (D:2)
  3 orcs (D:3)
  6 bats
  5 endoplasms (D:1)
  3 giant cockroaches (D:1)
  3 goblins
  5 hobgoblins
  6 jackals
  6 kobolds
  3 quokkas
  8 ball pythons
  4 frilled lizards
  7 rats
64 creatures vanquished.

Table legend: (Time is in decaauts)
 A = Elapsed time spent in this place.
 B = Non-inter-level travel time spent in this place.
 C = Inter-level travel time spent in this place.
 D = Time resting spent in this place.
 E = Time spent auto-exploring this place.
 F = Levels seen in this place.
 G = Mean time per level.
                   A        B        C        D        E       F      G
               +--------+--------+--------+--------+--------+-----+--------+
         Total |   1547 |   1512 |     35 |     93 |    999 |   3 |  515.7 |
       Dungeon |   1547 |   1512 |     35 |     93 |    999 |   3 |  515.7 |
               +--------+--------+--------+--------+--------+-----+--------+

Top non-repeatable levels by time:
     D:1: 904 daAuts
     D:3: 329 daAuts
     D:2: 313 daAuts

Table legend:
 A = Non-vault XP
 B = Vault XP
 C = Vault XP percentage of total XP
 D = Non-vault monster count
 E = Vault monster count
 F = Vault count percentage of total count
                 A         B        C        D         E       F
            +---------+---------+-------+---------+---------+-------
      Total |     157 |       2 |   1.3 |      62 |       2 |   3.1
            +---------+---------+-------+---------+---------+-------
        D:1 |      60 |       2 |   3.2 |      36 |       2 |   5.3
        D:2 |      30 |       0 |   0.0 |      14 |       0 |   0.0
        D:3 |      67 |       0 |   0.0 |      12 |       0 |   0.0
            +---------+---------+-------+---------+---------+-------
